 Dungeon Crawl Stone Soup version 0.28-a0-850-g09de17f5b5 (webtiles) character file.

Game seed: 2872219136708231816

0 croobank the Sneak (level 1, -8/18 HPs)
             Began as a Demonspawn Delver on Nov 13, 2021.
             Killed by divine providence
             ... invoked by an orc priest
              (11 damage)
             ... on level 4 of the Dungeon.
             The game lasted 00:01:47 (120 turns).

croobank the Sneak (Demonspawn Delver)               Turns: 120, Time: 00:01:47

Health: -8/18      AC:  3    Str: 12    XL:     1   Next: 8%
Magic:  1/1        EV: 11    Int: 11    God:
Gold:   13         SH:  0    Dex: 14    Spells: 0/0 levels left

rFire   . . .      SeeInvis .   a - +0 hand axe
rCold   . . .      Faith    .   (no shield)
rNeg    . . .      Spirit   .   b - +0 leather armour
rPois   .          Reflect  .   (no helmet)
rElec   .          Harm     .   (no cloak)
rCorr   .          Rampage  .   (no gloves)
Will    .....                   (no boots)
Stlth   ++........              (no amulet)
HPRegen 0.06/turn               (no ring)
MPRegen 0.07/turn               (no ring)

@: no status effects
A: no striking features
a: no special abilities


You were on level 4 of the Dungeon.
You visited 1 branch of the dungeon, and saw 2 of its levels.

You collected 13 gold pieces.

Inventory:

Hand Weapons
 a - a +0 hand axe (weapon)
Armour
 b - a +0 leather armour (worn)
Wands
 g - a wand of digging (3)
Scrolls
 c - a scroll of fog
 d - a scroll of magic mapping
 h - a scroll of enchant weapon


   Skills:
 + Level 3.0 Fighting
 + Level 1.7 Axes
 + Level 1.7 Dodging
 + Level 4.5 Stealth


You couldn't memorise any spells.
You didn't know any spells.
Your spell library was empty.

Dungeon Overview and Level Annotations

Branches:
Dungeon (5/15)
 Temple: D:4-7

Altars:


Message History

You barely miss the ball python.
The ball python is moderately wounded.
The ball python bites you. The ball python constricts you.
You hit the ball python.
You kill the ball python!
You feel yourself speed up. The iguana misses you. The iguana bites you.
Found a scroll labelled KIERIAMOMOT.
You see here a scroll labelled KIERIAMOMOT.
f - a scroll labelled KIERIAMOMOT The iguana hisses menacingly.
An orc comes into view. It is wielding a +0 dagger.
Your extra speed is starting to run out.
An orc comes into view. It is wielding a +0 hand axe.
The orc shouts!
You hear a shout! x3
You aren't carrying any potions.
An orc priest comes into view. It is wielding a +0 hand axe.
As you read the scroll of fear, it crumbles to dust.
You assume a fearsome visage.
The orc priest looks frightened!
The orc looks frightened! x2; The iguana looks frightened!
An orc priest comes into view. It is wielding a +0 trident.
The orc priest looks encouraged for a moment.
A goblin comes into view. It is wielding a +0 club.
Found 2 fuming dark potions and a leather armour.
A quokka comes into view.
A kobold comes into view. It is wielding a +0 whip.
Found 6 gold pieces.
You feel yourself slow down.
A hound comes into view.
The orc priest mumbles some strange prayers to Beogh against you.
Pain shoots through your body!
Ouch! That really hurt!
* * * LOW HITPOINT WARNING * * *
As you read the scroll labelled KIERIAMOMOT, it crumbles to dust.
It is a scroll of identify.
h - a scroll of enchant weapon The orc priest mumbles some strange prayers to Beogh against you.
Beogh smites you!
Ouch! That really hurt!
You die...

###...#### #..o#
#####..##....##...##
#......#####.......#
#####..# #..o......
#...####..##.....
##....#...## ....
##..#..#..#.!.# ..#
#..###....#.#.# .#
##.## #.@g#.## .[ #
#.## #....#... .
##.###...###K##.#
#.......... #. $#
#.........# . .
##........# r.
#..h......##
#..........#
#...........


You could see a hound (wandering), an orc priest and a goblin.

Vanquished Creatures
  A ball python (D:4)
1 creature vanquished.

Notes
Turn   | Place    | Note
-------+----------+-------------------------------------------
     0 | D:5      | croobank the Demonspawn Delver began the quest for the Orb.
     0 | D:5      | Reached XP level 1. HP: 18/18 MP: 1/1
    56 | D:4      | Noticed an iguana
   111 | D:4      | Noticed an orc priest
   113 | D:4      | Noticed an orc priest
   119 | D:4      | Noticed a hound
   120 | D:4      | Killed from afar by an orc priest

Illustrated notes

Levels and vault maps discovered:
D:4:      layout_layer_cave, nemelex_xobeh_ov_fountains_minmay,
          minmay_pentomino_pile
D:5:      layout_rooms, serial_shops, nicolae_shop_trees, cheibrodos_gnoll_hut,
          uniq_prince_ribbit1

Action                   || total
-------------------------++-------
Melee: Hand axe          ||     4
  Use: Scroll            ||     2
       Potion            ||     1
Armor: Leather armour    ||     2
Dodge: Dodged            ||     2

Table legend: (Time is in decaauts)
 A = Elapsed time spent in this place.
 B = Non-inter-level travel time spent in this place.
 C = Inter-level travel time spent in this place.
 D = Time resting spent in this place.
 E = Time spent auto-exploring this place.
 F = Levels seen in this place.
 G = Mean time per level.
                   A        B        C        D        E       F      G
               +--------+--------+--------+--------+--------+-----+--------+
         Total |    102 |    102 |      0 |      0 |     32 |   2 |   51.0 |
       Dungeon |    102 |    102 |      0 |      0 |     32 |   2 |   51.0 |
               +--------+--------+--------+--------+--------+-----+--------+

Top non-repeatable levels by time:
     D:4: 98 daAuts
     D:5: 4 daAuts
